 Dungeon Crawl Stone Soup version 0.28-a0-991-g956f0ee3d5 (webtiles) character file.

Game seed: 10645335837908798807

3301 Decritt the Cleaver (level 9, -1/85 HPs)
             Began as a Minotaur Monk on Dec 5, 2021.
             Was a High Priest of the Shining One.
             Slain by Harold (13 damage)
             ... on level 7 of the Dungeon.
             The game lasted 00:14:19 (7674 turns).

Decritt the Cleaver (Minotaur Monk)                 Turns: 7674, Time: 00:14:19

Health: -1/85      AC:  6    Str: 20    XL:     9   Next: 70%
Magic:  9/9        EV: 10    Int:  7    God:    the Shining One [*****.]
Gold:   164        SH:  0    Dex: 13    Spells: 8/8 levels left

rFire   . . .      SeeInvis .   p - +1 war axe (venom)
rCold   . . .      Faith    .   (no shield)
rNeg    + + .      Spirit   .   l - +0 chain mail
rPois   .          Reflect  .   (helmet restricted)
rElec   .          Harm     .   (no cloak)
rCorr   .          Rampage  .   (no gloves)
Will    .....                   (no boots)
Stlth   ..........              (no amulet)
HPRegen 0.24/turn               (no ring)
MPRegen 0.11/turn               (no ring)

@: marked, corroded, glowing
A: horns 2, retaliatory headbutt
a: Renounce Religion, Divine Shield, Cleansing Flame, Summon Divine Warrior


You were on level 7 of the Dungeon.
You worshipped the Shining One.
The Shining One was extremely pleased with you.
You visited 2 branches of the dungeon, and saw 8 of its levels.
You also visited: Ossuary.

You collected 216 gold pieces.
You spent 52 gold pieces at shops.

Inventory:

Hand Weapons
 a - a +0 hand axe
 p - a +1 war axe of venom (weapon)
Missiles
 e - 5 javelins
 f - a throwing net
Armour
 l - a +0 chain mail (worn)
Jewellery
 q - a ring of fire
Wands
 w - a wand of flame (11)
 x - a wand of paralysis (1)
Scrolls
 h - 4 scrolls of fog
 n - 3 scrolls of teleportation
 r - a scroll of identify
 s - a scroll of fear
 t - a scroll of summoning
 u - a scroll of enchant weapon
 v - 2 scrolls of magic mapping
Potions
 c - 5 potions of attraction
 d - a potion of might
 g - 3 potions of flight
 j - 5 potions of curing
 k - a potion of ambrosia


   Skills:
 * Level 9.8 Fighting
 * Level 9.9 Axes
 * Level 6.7 Armour
 * Level 7.1 Dodging
 - Level 1.9 Stealth
 + Level 2.0 Invocations


You had 8 spell levels left.
You didn't know any spells.
Your spell library contained the following spells:

 Spells                   Type           Power      Damage    Failure   Level
 Summon Small Mammal      Summ           0%         N/A       99%         1
 Call Canine Familiar     Summ           0%         N/A       100%        3
 Gell's Gravitas          Tloc           0%         N/A       100%        3
 Lesser Beckoning         Tloc           0%         N/A       100%        3
 Summon Guardian Golem    Hex/Summ       0%         N/A       100%        3
 Teleport Other           Tloc           0%         N/A       100%        3


Dungeon Overview and Level Annotations

Branches:
Dungeon (7/15)             Temple (1/1) D:4         Ossuary (visited)

Altars:
Ashenzari
Cheibriados
Dithmenos
Elyvilon
Fedhas
Gozag
Hepliaklqana
Nemelex Xobeh
Okawaru
Qazlal
Sif Muna
Trog
Uskayaw
Vehumet
Wu Jian
Xom
Yredelemnul
Zin
The Shining One

Shops:
D:4 (((*   D:5 (

Annotations:
D:7 Harold


Innate Abilities, Weirdness & Mutations

You have a pair of horns on your head.
You reflexively headbutt those who attack you in melee.


Message History

A jelly comes into view.
Found a lumpy silvery potion.
The jelly quivers.
Harold hits you with a +0 mace!
You hit Harold.
Harold is poisoned.
You headbutt Harold, but do no damage.
Harold is lightly wounded.
Harold hits you with a +0 mace!!
You hit Harold.
Harold looks as sick as possible!
Your headbutt misses Harold.
Harold is lightly wounded.
Harold hits you with a +0 mace.
* * * LOW HITPOINT WARNING * * *
You hit Harold but do no damage.
Harold is moderately wounded.
You hit the jelly.
Your hands burn!
* * * LOW HITPOINT WARNING * * *
The jelly hits you.
* * * LOW HITPOINT WARNING * * *
The acid corrodes you!
You are splashed with acid!
* * * LOW HITPOINT WARNING * * *
Harold hits you but does no damage.
You slash Harold! You headbutt Harold, but do no damage.
Harold is heavily wounded.
You hit the jelly.
Your hands burn!
* * * LOW HITPOINT WARNING * * *
The jelly barely misses you. Harold hits you with a +0 mace!
* * * LOW HITPOINT WARNING * * *
You fail to use your ability.
The jelly hits you but does no damage. Harold gestures at you while chanting.
A sentinel's mark forms upon you.
You hit Harold but do no damage.
Harold looks as sick as possible!
You headbutt Harold, but do no damage.
Harold is heavily wounded.
You slash the jelly!
Your hands burn!
* * * LOW HITPOINT WARNING * * *
The jelly closely misses you. You furiously retaliate!
You headbutt the jelly. Harold hits you with a +0 mace!!
* * * LOW HITPOINT WARNING * * *
You feel better. The jelly completely misses you.
Harold hits you with a +0 mace!
You die...

..##
#.#.##.............
...# #.
##........##.#.#.##
##.# !
#.....#.#...#.### #
+ #.
+.#...####..### #..
#.#..(...#.##
##.##.....##...##
#...............#
#...J..........##
##...@##........#
##.@.##........#
#..#####.###.## ###
### ###


You could see Harold (extremely poisoned) and a jelly.

Vanquished Creatures
  Pikel (D:6)
  A troll (D:7)
  Grinder (D:3)
  2 steam dragons (D:7)
  Menkaure (Ossuary)
  A water moccasin (D:4)
  3 sky beasts (D:7)
  2 necrophages
  A hornet zombie (D:6)
  2 ogres
  A centaur (D:6)
  A gnoll sergeant (D:7)
  A kobold brigand (D:7)
  3 scorpions
  4 howler monkeys (D:7)
  A jelly (D:4)
  A bullfrog zombie (D:5)
  A centaur zombie (D:6)
  2 hounds
  2 orc priests (D:7)
  A centaur skeleton (D:5)
  A scorpion zombie (D:5)
  Jessica (D:3)
  3 iguanas
  2 orc wizards
  3 mummies (Ossuary)
  Robin (D:3)
  3 gnolls (D:2)
  A howler monkey skeleton (D:6)
  3 adders (D:3)
  A white imp (D:6)
  An ufetubus (D:6)
  4 dart slugs
  26 orcs
  8 ball pythons
  3 bats
  4 endoplasms
  A giant cockroach (D:3)
  11 goblins
  9 hobgoblins
  A quokka (D:1)
  A frilled lizard (D:3)
  8 gnoll skeletons (Ossuary)
  3 gnoll zombies (Ossuary)
  2 goblin skeletons (Ossuary)
  6 goblin zombies (Ossuary)
  6 hobgoblin skeletons (Ossuary)
  4 hobgoblin zombies (Ossuary)
  10 kobolds
  4 kobold skeletons (Ossuary)
  8 kobold zombies (Ossuary)
  3 orc skeletons (Ossuary)
  3 orc zombies (Ossuary)
  8 rats
  2 rat skeletons (Ossuary)
  A rat zombie (Ossuary)
189 creatures vanquished.

Notes
Turn   | Place    | Note
-------+----------+-------------------------------------------
     0 | D:1      | Decritt the Minotaur Monk began the quest for the Orb.
     0 | D:1      | Reached XP level 1. HP: 19/19 MP: 0/0
   236 | D:1      | Reached XP level 2. HP: 20/27 MP: 1/1
  1120 | D:2      | Reached XP level 3. HP: 28/33 MP: 2/2
  1127 | D:2      | Reached skill level 1 in Armour
  1294 | D:2      | Found a faded altar of an unknown god.
  1446 | D:2      | Found a glowing golden altar of the Shining One.
  1460 | D:2      | Became a worshipper of the Shining One
  1460 | D:2      | Reached * piety under the Shining One
  1460 | D:2      | Reached ** piety under the Shining One
  1915 | D:3      | Reached XP level 4. HP: 41/41 MP: 3/3
  2066 | D:3      | Noticed Robin
  2079 | D:3      | Killed Robin
  2280 | D:3      | Noticed Jessica
  2285 | D:3      | Killed Jessica
  2286 | D:3      | Reached skill level 5 in Axes
  2286 | D:3      | Reached XP level 5. HP: 47/47 MP: 4/4
  2434 | D:3      | Reached skill level 5 in Fighting
  2753 | D:3      | Noticed Grinder
  2753 | D:3      | Paralysed by Grinder for 4 turns
  2764 | D:3      | Killed Grinder
  2765 | D:3      | Reached XP level 6. HP: 56/57 MP: 5/5
  2983 | D:4      | Found Aced's General Store.
  2991 | D:4      | Bought a scroll of identify for 26 gold pieces
  2991 | D:4      | Bought a scroll of identify for 26 gold pieces
  3067 | D:4      | Noticed a water moccasin
  3068 | D:4      | Found a staircase to the Ecumenical Temple.
  3073 | D:4      | Killed a water moccasin
  3348 | D:4      | Reached XP level 7. HP: 36/64 MP: 6/6
  3351 | Temple   | Entered the Ecumenical Temple
  3829 | D:4      | Found Huit's Weapon Emporium.
  3846 | D:4      | Found a radiant altar of Vehumet.
  3925 | D:4      | Found Ontaosobb's Weapon Shoppe.
  3954 | D:4      | Found Baif's Weapon Boutique.
  4339 | D:5      | Entered Level 5 of the Dungeon
  4366 | D:5      | Found Xiovow's Antique Weapon Emporium.
  4551 | D:5      | Reached skill level 5 in Dodging
  4869 | D:5      | Found a snail-covered altar of Cheibriados.
  4910 | D:5      | Reached XP level 8. HP: 68/73 MP: 7/7
  5241 | D:6      | Reached *** piety under the Shining One
  5273 | D:6      | Found a sparkling altar of Nemelex Xobeh.
  5414 | D:6      | Found a sand-covered staircase.
  5421 | Ossuary  | Entered an ossuary
  5457 | Ossuary  | Reached **** piety under the Shining One
  5584 | Ossuary  | Reached ***** piety under the Shining One
  5708 | Ossuary  | Noticed Menkaure
  5720 | Ossuary  | Killed Menkaure
  6280 | D:6      | Noticed Pikel
  6287 | D:6      | Killed Pikel
  6288 | D:6      | Reached skill level 5 in Armour
  6288 | D:6      | Reached XP level 9. HP: 49/82 MP: 8/8
  6488 | D:6      | Found a bloodstained altar of Trog.
  6508 | D:6      | Found an opulent altar of Gozag.
  6598 | D:6      | Found a stormy altar of Qazlal.
  7044 | D:7      | Noticed a troll
  7050 | D:7      | Killed a troll
  7133 | D:7      | Reached skill level 1 in Invocations
  7665 | D:7      | Noticed Harold
  7673 | D:7      | HP: 2/85 [Harold (20)]
  7674 | D:7      | Slain by Harold

Illustrated notes

Levels and vault maps discovered:
D:1:      dpeg_arrival_rooms_c, layout_basic
D:2:      layout_basic, basic_altar, shapermc_ecumenical_altar_venn
D:3:      layout_loops_corners, minmay_misc_feat_iff, uniq_robin, uniq_grinder,
          uniq_jessica
D:4:      layout_cave_pods, kennysheep_little_box, minmay_temple_entry_grid,
          serial_shops, nicolae_shop_bloodbath_and_beyond, nicolae_shop_crystal,
          nicolae_shop_crystal, nicolae_inconvenience_store
D:5:      layout_loops_cross, lemuel_tele_altar, serial_shops,
          nicolae_shop_temple_entry_statues_fountains
D:6:      layout_rooms, nemelex_diamond_rough_becter, grunt_gozag_statues,
          mainiacjoe_overflow_large_starburst, nicolae_ossuary_entry_monument,
          uniq_pikel
D:7:      layout_cave_pools, mainiacjoe_overflow_alcove_4,
          gammafunk_ghost_grave, grunt_ministairs_13, hangedman_misty_isle,
          uniq_harold
Temple:   nicolae_temple_god_jail

Skill      XL: |  1  2  3  4  5  6  7  8  9 |
---------------+----------------------------+-----
Axes           | 4 5 6 7 9 |  9.9
Fighting       | 4 5 6 7 8 9 |  9.8
Armour         | 1 2 3 4 5 6 |  6.7
Dodging        | 4 5 6 7 |  7.1
Invocations    | 2 |  2.0
Stealth        | |  1.9

Action                   |  1- 3 |  4- 6 |  7- 9 || total
-------------------------+-------+-------+-------++-------
Melee: Hand axe          |    81 |    33 |       ||   114
       Headbutt          |    11 |    12 |    48 ||    71
       War axe           |       |    22 |   236 ||   258
Throw: Javelin           |     3 |       |       ||     3
Invok: Divine Shield     |       |       |     1 ||     1
  Use: Scroll            |       |     9 |     6 ||    15
       Potion            |       |       |     1 ||     1
 Stab: Sleeping          |     3 |       |       ||     3
Armor: Robe              |    12 |       |       ||    12
       Leather armour    |     1 |    12 |     3 ||    16
       Ring mail         |       |       |     5 ||     5
       Chain mail        |       |       |    66 ||    66
Dodge: Dodged            |    49 |    39 |    94 ||   182
Block: Other             |       |       |     2 ||     2

Table legend: (Time is in decaauts)
 A = Elapsed time spent in this place.
 B = Non-inter-level travel time spent in this place.
 C = Inter-level travel time spent in this place.
 D = Time resting spent in this place.
 E = Time spent auto-exploring this place.
 F = Levels seen in this place.
 G = Mean time per level.
                   A        B        C        D        E       F      G
               +--------+--------+--------+--------+--------+-----+--------+
         Total |   7710 |   7539 |    171 |   1184 |   5161 |   9 |  856.7 |
       Dungeon |   6675 |   6504 |    171 |    715 |   4842 |   7 |  953.6 |
        Temple |    189 |    189 |      0 |      0 |    162 |   1 |  189.0 |
       Ossuary |    844 |    844 |      0 |    469 |    157 |   1 |  844.0 |
               +--------+--------+--------+--------+--------+-----+--------+

Top non-repeatable levels by time:
     D:4: 1245 daAuts
     D:3: 1148 daAuts
     D:1: 1118 daAuts
     D:5: 851 daAuts
 Ossuary: 844 daAuts
     D:7: 834 daAuts
     D:6: 823 daAuts
     D:2: 653 daAuts
  Temple: 189 daAuts
